 Dungeon Crawl Stone Soup version 0.31-a0-1570-g93c622d222 (webtiles) character file.

Game seed: 10923068672761464620

4 hikkokomori the Digger (level 1, 0/10 HPs)
             Began as a Gargoyle Earth Elementalist on Jan 3, 2024.
             Slain by an endoplasm (2 damage)
             ... on level 1 of the Dungeon.
             The game lasted 00:00:17 (57 turns).

hikkokomori the Digger (Gargoyle Earth Elementalist)  Turns: 57, Time: 00:00:18

Health: 0/10       AC:  4    Str: 11    XL:     1   Next: 70%
Magic:  0/3        EV: 11    Int: 15    God:
Gold:   16         SH:  0    Dex: 10    Spells: 3/4 levels left

rFire   . . .        (no weapon)
rCold   . . .        (no shield)
rNeg    + . .        a - +0 robe
rPois   ∞            (no helmet)
rElec   +            (no cloak)
rCorr   .            (no gloves)
SInv    .            (no boots)
Will    .....        (no amulet)
Stlth   ++           (no ring)
HPRegen 0.21/turn    (no ring)
MPRegen 0.08/turn

%: no passive effects
@: no status effects
A: sickness immunity, AC +2, negative energy resistance 1, electricity
resistance, torment resistance 1, petrification resistance
a: no special abilities


You were on level 1 of the Dungeon.
You visited 1 branch of the dungeon, and saw 1 of its levels.

You collected 16 gold pieces.

Inventory:

Armour
 a - a +0 robe (worn)
Potions
 b - a potion of magic


   Skills:
 + Level 0.2 Fighting
 - Level 1.5 Dodging
 + Level 2.3 Stealth
 + Level 2.0 Spellcasting
 - Level 1.1 Conjurations
 + Level 3.7 Earth Magic


You had 3 spell levels left.
You knew the following spells:

 Your Spells              Type           Power      Damage    Failure   Level
a - Sandblast             Erth           24%        2d8       4%          1

Your spell library contained the following spells:

 Spells                   Type           Power      Damage    Failure   Level
 Passwall                 Erth           12%        N/A       14%         3
 Stone Arrow              Conj/Erth      16%        3d8       24%         3
 Brom's Barrelling Bould  Conj/Erth      8%         2d3       63%         4
 Petrify                  Alch/Erth      7%         N/A       71%         4


Dungeon Overview and Level Annotations

Branches:
Dungeon (1/15)

Altars:


Innate Abilities, Weirdness & Mutations

You are immune to sickness and miasma.
Your stone body is resilient. (AC +2)
You are immune to poison.
You resist negative energy. (rN+)
You are resistant to electric shocks. (rElec)
You are resistant to unholy torment.
You are immune to petrification.


Message History

You open the door.
Found a flux talisman.
Found a stone.
There is an open door here.
You see here a flux talisman.
You now have 16 gold pieces (gained 6).
An endoplasm comes into view.
The endoplasm quivers.
An endoplasm is nearby!
An endoplasm is nearby!
An endoplasm is nearby!
The blast of sand hits the endoplasm!
You kill the endoplasm!
You can't see any susceptible monsters within range! (Use Z to cast anyway.)
You can't see any susceptible monsters within range! (Use Z to cast anyway.) Magic restored.
An endoplasm comes into view.
An endoplasm is nearby!
An endoplasm is nearby! 2 goblins come into view.
A kobold comes into view. It is wielding a +0 short sword.
The goblin shouts! x2
The endoplasm quivers.
The blast of sand hits the goblin!
You kill the goblin!
The kobold shouts!
The kobold barely misses you.
The blast of sand hits the kobold!
You kill the kobold!
The goblin closely misses you. The endoplasm hits you.
The blast of sand hits the goblin!
You kill the goblin!
The endoplasm freezes you.
You are frozen.
The endoplasm freezes you.
You are frozen.
* * * LOW HITPOINT WARNING * * *
The endoplasm attacks as it pursues you!
The endoplasm hits you.
You die...

#.# ##.#..
#.# .#.##
#.# .#.#
#.# .. #.#
.# #.# .#
#.# .#
#.######.#
#.....@).#
#######J.#
#).# #...#
#.#...
#...#..
#.###.##
#.. . ###
#


You could see an endoplasm.

Vanquished Creatures
  An endoplasm (D:1)
  2 goblins (D:1)
  A kobold (D:1)
4 creatures vanquished.

Notes
Turn   | Place    | Note
-------+----------+-------------------------------------------
     0 | D:1      | hikkokomori the Gargoyle Earth Elementalist began the quest
                  | for the Orb.
     0 | D:1      | Reached XP level 1. HP: 10/10 MP: 3/3
    57 | D:1      | Slain by an endoplasm

Illustrated notes

Levels and vault maps discovered:
D:1:      mushboom_english_gardens, layout_loops_ring,
          hellmonk_ecumenical_altar_run_dry

Action                     || total
---------------------------++-------
   Cast: Sandblast         ||     4
 Armour: Robe              ||     2
  Dodge: Dodged            ||     2

Table legend: (Time is in decaauts)
 A = Elapsed time spent in this place.
 B = Non-inter-level travel time spent in this place.
 C = Inter-level travel time spent in this place.
 D = Time resting spent in this place.
 E = Time spent auto-exploring this place.
 F = Levels seen in this place.
 G = Mean time per level.
                   A        B        C        D        E       F      G
               +--------+--------+--------+--------+--------+-----+--------+
         Total |     59 |     59 |      0 |      0 |     47 |   1 |   59.0 |
       Dungeon |     59 |     59 |      0 |      0 |     47 |   1 |   59.0 |
               +--------+--------+--------+--------+--------+-----+--------+

Top non-repeatable levels by time:
     D:1: 59 daAuts
